 Dungeon Crawl Stone Soup version 0.22.1-1-ga44c0e5 (webtiles) character file.

84 Fang the Chopper (level 4, -4/29 HPs)
             Began as a Gargoyle Berserker on Oct 3, 2018.
             Was a Believer of Trog.
             Slain by Sigmund
             ... wielding a +0 scythe of venom
              (5 damage)
             ... on level 2 of the Dungeon.
             The game lasted 00:00:59 (1114 turns).

Fang the Chopper (Gargoyle Berserker)               Turns: 1114, Time: 00:00:59

Health: -4/29      AC:  8    Str: 21    XL:     4   Next: 45%
Magic:  4/4        EV: 12    Int:  8    God:    Trog [**....]
Gold:   52         SH:  0    Dex:  9    Spells: 3/3 levels left

rFire    . . .     SeeInvis .   a - +0 hand axe
rCold    . . .     Gourm    .   (no shield)
rNeg     + . .     Faith    .   b - +0 animal skin
rPois    ∞         Spirit   .   (no helmet)
rElec    +         Reflect  .   (no cloak)
rCorr    .         Harm     .   d - +2 pair of gloves
MR       .....                  (no boots)
Stlth    +.........             (no amulet)
HPRegen  0.09/turn              (no ring)
MPRegen  0.09/turn              (no ring)

@: berserk cooldown, slowed, very slow
A: negative energy resistance 1, electricity resistance, unbreathing,
petrification resistance, rot immunity, AC +3
a: Berserk, Trog's Hand, Renounce Religion


You were on level 2 of the Dungeon.
You worshipped Trog.
Trog was pleased with you.
You were hungry.

You visited 1 branch of the dungeon, and saw 2 of its levels.

You collected 52 gold pieces.

Inventory:

Hand Weapons
 a - a +0 hand axe (weapon)
Armour
 b - a +0 animal skin (worn)
 d - a +2 pair of gloves (worn)
Jewellery
 m - an uncursed ring of stealth {unknown}
Scrolls
 f - 2 scrolls of teleportation {unknown}
 g - a scroll of fog {unknown}
 h - a scroll of enchant armour {unknown}
 j - 2 scrolls of enchant weapon {unknown}
 l - a scroll of remove curse {unknown}
 n - a scroll of amnesia {unknown}
Potions
 e - 3 potions of curing {unknown}
 i - a potion of flight {unknown}
Comestibles
 c - 5 rations
 k - a chunk of flesh


   Skills:
 + Level 3.7 Fighting
 + Level 3.8 Axes
 + Level 2.3 Armour
 + Level 2.3 Dodging
 + Level 0.4 Stealth


You had 3 spell levels left.
You didn't know any spells.
Your spell library was empty.

Dungeon Overview and Level Annotations

Branches:
Dungeon (2/15)

Altars:

Annotations:
D:2 Sigmund


Innate Abilities, Weirdness & Mutations

You are resistant to torment.
Your stone body is resilient. (AC +3)
You are immune to poison.
You resist negative energy. (rN+)
You are resistant to electric shocks. (rElec)
You can survive without breathing.
You are immune to petrification.
You are immune to rotting.


Message History

You kill the hobgoblin!
Trog accepts your kill. Something hits you!
* * * LOW HITPOINT WARNING * * *
You closely miss something.
You are no longer berserk.
You are exhausted.
You feel yourself slow down.
Unknown command.
You hit something. Something hits you but does no damage.
Unknown command.
You closely miss something. Something hits you but does no damage.
Unknown command.
You miss something. Something hits you.
* * * LOW HITPOINT WARNING * * *
Unknown command.
You slash something! Something hits you.
* * * LOW HITPOINT WARNING * * *
Something hits you.
You die...

###....## #...## #.#..#
##. . #.##.#####.... ..
#.##.##....# ...
#####.##....### ....
..##.[##......#####.....
#.##.####.###.†[........
#.........# #..)@......>
###..###.......?{.......
#.## ...##............
###.. ....##............
.###......##............
.# ##. #............ .#
.. #............ .# ..
##...>....... )# ##


There were no monsters in sight!

Vanquished Creatures
  Terence (D:2)
  An adder (D:2)
  2 oozes
  A worm (D:2)
  A leopard gecko (D:2)
  3 bats
  4 giant cockroaches (D:2)
  5 hobgoblins
  4 kobolds (D:1)
  4 frilled lizards
  7 goblins
  7 rats
40 creatures vanquished.

Notes
Turn   | Place    | Note
-------+----------+-------------------------------------------
     0 | D:1      | Fang the Gargoyle Berserker began the quest for the Orb.
     0 | D:1      | Reached XP level 1. HP: 14/14 MP: 1/1
   153 | D:1      | Reached XP level 2. HP: 19/19 MP: 2/2
   836 | D:2      | Reached XP level 3. HP: 18/23 MP: 3/3
   856 | D:2      | Reached ** piety under Trog
   988 | D:2      | Noticed Terence
  1007 | D:2      | Killed Terence
  1007 | D:2      | Reached XP level 4. HP: 29/29 MP: 4/4
  1091 | D:2      | Noticed Sigmund
  1114 | D:2      | HP: 1/29 [something (6)]
  1114 | D:2      | Slain by Sigmund

Skill      XL: |  1  2 |
---------------+-------+-----
Axes           | 3 |  3.8
Dodging        | 2 |  2.3
Fighting       | |  3.7
Armour         | |  2.3
Stealth        | |  0.4

Action                   |  1- 3 |  4- 6 || total
-------------------------+-------+-------++-------
Melee: Hand axe          |    91 |    25 ||   116
Invok: Berserk           |     1 |     1 ||     2
  Eat: Chunk             |       |     2 ||     2
Armor: Animal skin       |    32 |    12 ||    44
Dodge: Dodged            |    61 |    24 ||    85
